 Dungeon Crawl Stone Soup version 0.26-b1-32-g5d43845318 (webtiles) character file.

Game seed: 17427357476605448028

88 MisterFreud the Conjurer (level 4, -2/27 HPs)
             Began as an Octopode Fire Elementalist on Jan 11, 2021.
             Killed by divine providence
             ... invoked by an orc priest
              (12 damage)
             ... on level 3 of the Dungeon.
             The game lasted 00:03:42 (3120 turns).

MisterFreud the Conjurer (OpFE)                     Turns: 3120, Time: 00:03:42

Health: -2/27      AC:  1    Str:  7    XL:     4   Next: 54%
Magic:  7/7        EV: 13    Int: 18    God:
Gold:   98         SH:  0    Dex: 12    Spells: 3/8 levels left

rFire    . . .     SeeInvis .   a - +0 dagger
rCold    . . .     Faith    .   (no shield)
rNeg     . . .     Spirit   .   (helmet restricted)
rPois    .         Reflect  .   (no amulet)
rElec    .         Harm     .   (no ring)
rCorr    .         Rampage  .   (no ring)
Will     .....                  (no ring)
Stlth    +++.......             (no ring)
HPRegen  0.09/turn              (no ring)
MPRegen  0.10/turn              (no ring)
                                (no ring)
                                (no ring)

@: no status effects
A: almost no armour, stealthy swim, amphibious, 8 rings, constrict 8, camouflage
1, gelatinous body 1
a: no special abilities


You were on level 3 of the Dungeon.
You visited 1 branch of the dungeon, and saw 3 of its levels.

You collected 98 gold pieces.

Inventory:

Hand Weapons
 a - a +0 dagger (weapon)
Missiles
 b - 97 stones
 o - 21 poisoned darts
Jewellery
 g - a cursed -4 ring of intelligence {unknown}
 h - an uncursed amulet of faith {unknown}
Scrolls
 c - a scroll of enchant armour {unknown}
 j - a scroll of teleportation {unknown}
 l - 3 scrolls of blinking {unknown}
 m - a scroll of remove curse {unknown}
Potions
 d - 3 potions of curing {unknown}
 e - a potion of haste {unknown}
 f - a potion of ambrosia {unknown}
 i - a potion of degeneration {unknown}
 k - a potion of lignification {unknown}
 n - a potion of attraction {unknown}


   Skills:
 - Level 2.0 Dodging
 - Level 2.6 Stealth
 + Level 2.5 Spellcasting
 + Level 3.4 Conjurations
 + Level 3.4 Fire Magic


You had 3 spell levels left.
You knew the following spells:

 Your Spells              Type           Power        Failure   Level
a - Foxfire               Conj/Fire      56%          4%          1
b - Sticky Flame          Conj/Fire      14%          38%         4

Your spell library contained the following spells:

 Spells                   Type           Power        Failure   Level
 Conjure Flame            Conj/Fire      14%          13%         3
 Inner Flame              Hex/Fire       8%           26%         3
 Confusing Touch          Hex            2%           45%         3
 Gell's Gravitas          Tloc           1%           45%         3
 Fireball                 Conj/Fire      7%           75%         5
 Petrify                  Tmut/Erth      2%           86%         4
 Metabolic Englaciation   Hex/Ice        1%           99%         5
 Yara's Violent Unravell  Hex/Tmut       1%           99%         5


Dungeon Overview and Level Annotations

Branches:
Dungeon (3/15)

Altars:


Innate Abilities, Weirdness & Mutations

You cannot wear most types of armour.
You are very stealthy in the water. (Stealth+)
You are amphibious.
You can wear up to eight rings at the same time.
You can use your tentacles to constrict eight enemies at once.
Your skin changes colour to match your surroundings (Stealth+).
Your rubbery body absorbs attacks. (AC +1, EV +1)


Message History

Things that are here:
a +0 dagger; an orc corpse An orc priest comes into view.
You barely miss the orc. You grab the orc.
You constrict the orc, but do no damage.
An orc comes into view. It is wielding a +0 dagger.
The orc hits you with a +0 club. The orc closely misses you.
The orc priest looks satisfied for a moment.
The orc shouts!
You hit the orc.
The orc is moderately wounded.
You constrict the orc, but do no damage.
The orc hits you with a +0 club.
The orc hits you from afar with a +0 trident.
A goblin comes into view. It is wielding a +0 dagger.
Unknown command.
You release your grip on the orc.
The orc priest invokes the aid of Beogh against you.
Beogh smites you!
You die...

#.###################
#.# #.# #.# #.# #.#
#.# #.##########g.
#...@oo..o.o..
#.############ ###


You could see an orc priest and 3 orcs.

Vanquished Creatures
  2 adders (D:3)
  2 worms
  2 dart slugs
  2 leopard geckos
  3 orcs (D:3)
  6 bats
  2 giant cockroaches (D:3)
  11 goblins
  5 hobgoblins
  4 frilled lizards
  6 kobolds
  7 rats
52 creatures vanquished.

Vanquished Creatures (others)
  14 foxfires
14 creatures vanquished.

Grand Total: 66 creatures vanquished

Notes
Turn   | Place    | Note
-------+----------+-------------------------------------------
     0 | D:1      | MisterFreud the Octopode Fire Elementalist began the quest
                  | for the Orb.
     0 | D:1      | Reached XP level 1. HP: 11/11 MP: 3/3
   142 | D:1      | Reached XP level 2. HP: 17/17 MP: 5/5
   688 | D:1      | Reached XP level 3. HP: 21/21 MP: 6/6
  1869 | D:3      | Reached XP level 4. HP: 16/27 MP: 7/7
  2794 | D:3      | Learned a level 4 spell: Sticky Flame
  3120 | D:3      | Killed from afar by an orc priest

Illustrated notes

Levels and vault maps discovered:
D:1:      scummos_arrival_simple_fountains, layout_loops_ring,
          hangedman_decor_push
D:2:      layout_loops_ring, minmay_lizard_king, uniq_sigmund
D:3:      layout_basic, columned_hall_lemuel

Skill      XL: |  1  2  3 |
---------------+----------+-----
Conjurations   | 2 3 |  3.4
Dodging        | |  2.0
Stealth        | |  2.6
Spellcasting   | |  2.5
Fire Magic     | |  3.4

Action                   |  1- 3 |  4- 6 || total
-------------------------+-------+-------++-------
Melee: Unarmed           |     8 |       ||     8
       Constrict         |    21 |    11 ||    32
       Dagger            |    69 |    53 ||   122
       Tentacles         |    14 |     5 ||    19
 Cast: Foxfire           |     9 |     2 ||    11
 Stab: Sleeping          |    15 |     4 ||    19
Armor: Skin              |     6 |    10 ||    16
Dodge: Dodged            |    35 |    36 ||    71
